Map: Pillars of Gold LE

Players

Vanya - Winner!

  • Race: Zerg Zerg
  • League: Grandmaster
  • Spawn Location: 1:00

BlyOnFire (Bly)

  • Race: Zerg Zerg
  • Spawn Location: 7:00

Event: DreamHack SC2 Masters 2020 Summer Europe

VOD

Have the link to the VOD?

Description

Time

  • Played on: July 8, 2020, 9:23 a.m.
  • Length: 10:42

All games in this series

Show
View Real Time Build Order
Export as new Build Order

Vanya Zerg - Winner!

Build Orders: Hatch First 

Get SALT Encoding   

  12  0:00  Drone  
  13  0:12  Overlord  
  13  0:17  Drone  
  14  0:30  Drone x2  
  16  0:49  Hatchery  
  15  0:52  Drone  
  15  0:56  Drone  
  17  1:00  Drone  
  18  1:09  Extractor  
  17  1:15  Spawning Pool  
  16  1:18  Drone  
  16  1:22  Drone  
  18  1:29  Drone  
  19  1:39  Drone  
  20  1:50  Drone  
  21  2:01  Queen x2  
  21  2:02  Zergling x2  
  21  2:03  Overlord  
  26  2:10  Metabolic Boost  
  26  2:12  Drone  
  26  2:14  Drone  
  28  2:22  Drone  
  29  2:23  Drone  
  30  2:37  Zergling x2  
  30  2:39  Hatchery  
  30  2:43  Zergling x2  
  31  2:49  Drone  
  31  2:50  Drone  
  33  2:56  Baneling Nest  
  32  2:59  Overlord  
  32  3:01  Drone  
  32  3:05  Drone  
  34  3:10  Queen  
  36  3:18  Drone  
  36  3:19  Drone x3  
  40  3:24  Overlord  
  40  3:25  Zergling x2  
  40  3:27  Zergling x2  
  41  3:35  Zergling x4  
  41  3:39  Baneling x2  
  41  3:40  Baneling  
  43  3:45  Zergling x4  
  43  3:48  Drone x2, Overlord  
  47  3:55  Drone x2  
  48  4:03  Drone x3  
  48  4:08  Drone x2  
  53  4:15  Drone  
  52  4:20  Roach Warren, Extractor  
  52  4:21  Drone x2, Extractor  
  51  4:24  Drone x2  
  51  4:27  Drone x2  
  51  4:29  Overlord  
  51  4:31  Baneling x2  
  55  4:38  Zergling x4  
  57  4:44  Drone x2  
  58  4:48  Baneling x2  
  58  4:52  Overlord  
  57  4:54  Overlord  
  57  5:00  Overlord  
  57  5:01  Roach x7  
  70  5:07  Roach  
  70  5:08  Overlord  
  70  5:10  Overlord  
  72  5:16  Roach  
  72  5:17  Roach x2  
  72  5:20  Zergling x8  
  81  5:25  Zergling x4  
  84  5:28  Zergling x6  
  84  5:33  Baneling x6  
  84  5:34  Baneling  
  86  5:42  Evolution Chamber  
  86  5:46  Zergling x2  
  86  5:47  Zergling x12  
  91  5:54  Zergling x2  
  91  5:55  Zergling x8  
  93  6:04  Roach x2, Zergling x6  
  95  6:08  Baneling x2  
  95  6:09  Ravager  
  93  6:12  Zergling x10  
  93  6:17  Drone  
  84  6:23  Drone x2  
  84  6:25  Drone  
  80  6:31  Roach  
  74  6:33  Queen x2  
  74  6:37  Roach x2  
  76  6:43  Zerg Missile Weapons Level 1  
  78  6:47  Lair  
  78  6:52  Roach x2  
  79  7:05  Drone x6  
  85  7:10  Drone  
  85  7:17  Drone x3  
  85  7:18  Pneumatized Carapace  
  85  7:21  Drone, Extractor  
  85  7:22  Drone  
  89  7:24  Drone  
  89  7:29  Drone x3  
  93  7:33  Extractor  
  93  7:34  Extractor  
  91  7:38  Drone x2  
  91  7:41  Drone  
  94  7:45  Glial Reconstitution  
  94  7:49  Drone  
  94  7:50  Drone  
  94  7:53  Drone  
  94  7:54  Overseer  
  94  7:55  Overseer, Drone x3  
  98  8:00  Baneling x2, Roach  
  98  8:01  Roach x5  
  110  8:10  Overlord x2  
  110  8:13  Overlord  
  110  8:18  Overlord  
  110  8:19  Roach x2  
  114  8:20  Overlord  
  114  8:22  Overlord  
  114  8:23  Overlord  
  114  8:26  Overlord  
  112  8:29  Roach x3  
  112  8:30  Roach  
  112  8:31  Ravager x2  
  112  8:34  Roach x2  
  124  8:36  Roach  
  124  8:37  Ravager x2  
  126  8:42  Roach x2  
  126  8:46  Roach x2  
  131  8:50  Roach x2  
  131  8:53  Roach x2  
  131  8:54  Ravager  
  135  9:02  Roach x5  
  144  9:06  Roach  
  144  9:07  Roach  
  148  9:13  Roach  
  150  9:19  Roach x4  
  150  9:23  Roach x2  
  162  9:32  Roach x3  
  164  9:50  Roach x5  
  156  9:55  Roach x2  
  147  10:10  Roach x2  
  143  10:16  Hatchery  
  142  10:21  Roach x2  
Show
View Real Time Build Order
Export as new Build Order

BlyOnFire Zerg 

Build Orders: Hatch First, Zergling Baneling 

Get SALT Encoding   

  12  0:01  Drone  
  13  0:12  Overlord  
  13  0:18  Drone  
  14  0:31  Drone x2  
  16  0:50  Hatchery  
  16  0:53  Drone  
  16  0:56  Drone  
  17  1:00  Drone  
  18  1:10  Extractor  
  17  1:15  Spawning Pool  
  16  1:18  Drone  
  16  1:22  Drone  
  18  1:28  Drone  
  19  1:40  Drone  
  20  1:50  Overlord  
  20  2:02  Queen x2  
  20  2:03  Zergling x4  
  26  2:12  Drone  
  26  2:13  Drone  
  26  2:15  Metabolic Boost  
  28  2:23  Drone  
  28  2:24  Drone  
  30  2:38  Hatchery  
  29  2:50  Drone  
  29  2:51  Drone  
  31  2:52  Baneling Nest  
  31  2:54  Overlord  
  30  3:01  Zergling x4  
  30  3:03  Drone  
  33  3:17  Zergling x10  
  38  3:26  Overlord  
  38  3:31  Drone x3  
  41  3:35  Baneling x4  
  41  3:39  Drone  
  41  3:40  Drone x2  
  44  3:44  Baneling  
  44  3:46  Baneling  
  44  3:48  Overlord  
  44  3:52  Overlord  
  44  4:00  Overlord  
  42  4:02  Drone  
  42  4:03  Drone x2  
  42  4:06  Overlord  
  44  4:16  Baneling x2  
  44  4:17  Drone x3  
  44  4:21  Evolution Chamber  
  44  4:23  Drone x4  
  50  4:28  Baneling  
  50  4:29  Drone  
  50  4:30  Drone x2  
  53  4:38  Overlord  
  50  4:51  Zerg Missile Weapons Level 1  
  49  4:53  Roach Warren, Extractor  
  49  4:54  Extractor, Zergling x14  
  49  4:55  Baneling  
  53  5:00  Zergling x6  
  54  5:08  Zergling x4  
  54  5:09  Zergling x4  
  55  5:15  Baneling  
  55  5:16  Baneling  
  55  5:20  Overlord  
  55  5:24  Baneling  
  55  5:31  Drone x3  
  58  5:36  Roach x4  
  66  5:46  Roach x3  
  72  5:51  Roach x2  
  73  5:57  Zergling x4  
  75  6:05  Roach x4  
  75  6:11  Roach  
  60  6:24  Roach x2  
  60  6:25  Zergling x8  
  57  6:34  Drone  
  57  6:35  Drone x4  
  62  6:43  Drone x2  
  63  6:54  Drone x3  
  66  6:57  Drone  
  66  7:00  Queen x2  
  71  7:09  Drone x3, Queen  
  76  7:19  Overlord  
  76  7:21  Drone x2  
  78  7:23  Baneling x2  
  78  7:29  Zerg Ground Armor Level 1  
  78  7:33  Roach x2  
  82  7:42  Roach x3  
  86  7:53  Roach x3  
  92  8:01  Zergling x8  
  96  8:07  Baneling x4  
  96  8:09  Zergling x14  
  102  8:20  Zergling x6  
  102  8:25  Overlord  
  105  8:27  Lair  
  105  8:28  Extractor  
  105  8:32  Zergling x2  
  105  8:33  Zergling x10  
  105  8:34  Queen  
  102  8:42  Ravager x2  
  102  8:43  Zergling x14  
  105  8:50  Zergling x6  
  107  8:59  Roach x3  
  107  9:02  Drone x6  
  110  9:11  Ravager  
  110  9:12  Ravager x2  
  113  9:21  Roach x8  
  120  9:35  Roach  
  120  9:36  Overlord  
  103  9:56  Roach  
  103  9:57  Roach x6  
  97  10:04  Roach x7  
  99  10:10  Roach x3  
  99  10:16  Roach x2  
  101  10:23  Zergling x4  
Tags
 
Add a new tag
Caveats
  • Supply blocks, unpowered buildings, or Contaminate may cause inaccurate times.
  • Supply counts are checked every 10 seconds.